Map: Ruins of Seras

Players

GOLT - Winner!

  • Race: Zerg Zerg
  • League: Gold

wabbajack

  • Race: Zerg Zerg
  • League: Gold

VOD

Have the link to the VOD?

Description

Time

  • Played on: July 21, 2015, 10:37 p.m.
  • Length: 5:24
Show
View Real Time Build Order
Export as new Build Order

GOLT Zerg - Winner!

Build Orders: Hatch First, Zergling Baneling 

Get SALT Encoding   

  12  0:01  Drone  
  13  0:11  Drone  
  14  0:17  Overlord  
  14  0:22  Extractor  
  14  0:23  Drone  
  14  0:37  Drone x2  
  16  0:59  Hatchery  
  15  1:05  Drone  
  16  1:21  Drone, Spawning Pool  
  16  1:24  Drone  
  17  1:29  Overlord  
  17  1:53  Drone  
  17  1:54  Drone  
  19  2:08  Queen  
  19  2:09  Zergling x4  
  19  2:11  Queen  
  19  2:12  Drone  
  26  2:22  Zergling x2  
  27  2:25  Metabolic Boost  
  27  2:34  Drone x2  
  29  2:41  Zergling x2  
  29  2:42  Zergling x2  
  31  2:44  Drone  
  32  2:52  Overlord  
  32  2:54  Overlord  
  32  3:06  Zergling x2  
  32  3:07  Zergling x2  
  34  3:14  Zergling x2  
  34  3:19  Zergling x2  
  34  3:27  Zergling x2  
  34  3:28  Zergling x6  
  34  3:29  Zergling x6  
  34  3:30  Zergling x2  
  42  3:36  Baneling Nest  
  42  3:38  Zergling x2  
  40  4:05  Zergling x12  
  45  4:10  Zergling x10  
  45  4:11  Zergling x2  
  45  4:16  Zergling x2  
  50  4:18  Zergling x2  
  51  4:26  Zergling x2  
  51  4:29  Overlord  
  52  4:34  Baneling x2  
  52  4:35  Baneling x5  
  52  4:36  Baneling x4  
  52  4:38  Baneling  
Show
View Real Time Build Order
Export as new Build Order

wabbajack Zerg 

Build Orders: Hatch First 

Get SALT Encoding   

  12  0:03  Drone  
  13  0:14  Overlord  
  13  0:19  Drone  
  14  0:30  Extractor  
  14  0:31  Drone  
  14  0:33  Drone  
  16  0:41  Drone  
  17  0:59  Hatchery  
  16  1:06  Drone x2  
  16  1:10  Extractor  
  17  1:17  Spawning Pool  
  16  1:20  Drone  
  17  1:32  Drone x2  
  19  1:41  Overlord  
  19  2:01  Drone  
  19  2:04  Queen  
  22  2:10  Queen  
  22  2:12  Zergling x2  
  22  2:13  Drone x2  
  27  2:16  Metabolic Boost  
  27  2:25  Spine Crawler  
  27  2:28  Drone  
  27  2:29  Drone  
  28  3:03  Overlord x2  
  28  3:04  Roach Warren, Overlord  
  28  3:05  Drone  
  28  3:06  Drone x2  
  29  3:41  Extractor  
  28  3:43  Roach x9  
  46  3:56  Queen  
  38  4:23  Drone  
  38  4:24  Drone x4  
  41  4:25  Drone x2  
  41  4:30  Spine Crawler  
  44  4:43  Roach  
  44  4:44  Roach x3  
  52  4:55  Overlord  
Tags
 
Add a new tag
Caveats
  • Supply blocks, unpowered buildings, or Contaminate may cause inaccurate times.
  • Supply counts are checked every 10 seconds.